 Dungeon Crawl Stone Soup version 0.22-a0-373-gab1296c (webtiles) character file.

5822 grindst0ne the Martial Artist (level 10, 0/76 HPs)
             Began as a Gnoll Transmuter on Apr 25, 2018.
             Was a Priest of Cheibriados.
             Slain by a wyvern (15 damage)
             ... on level 9 of the Dungeon.
             The game lasted 00:20:44 (9581 turns).

grindst0ne the Martial Artist (Gnoll Transmuter)    Turns: 9581, Time: 00:20:45

Health: 0/76       AC:  2    Str: 19    XL:     10   Next: 80%
Magic:  19/21      EV: 29    Int: 26    God:    Cheibriados [***...]
Gold:   271        SH:  0    Dex: 28    Spells: 13/24 levels left

rFire    . . .     SeeInvis .     - Unarmed
rCold    . . .     Gourm    .   (shield currently unavailable)
rNeg     . . .     Faith    .   (armour currently unavailable)
rPois    x         Spirit   .   (helmet currently unavailable)
rElec    .         Reflect  .   (cloak currently unavailable)
rCorr    .         Harm     .   (gloves currently unavailable)
MR       .....                  (boots currently unavailable)
Stlth    +++++.....             (no amulet)
HPRegen  0.22/turn              B - ring of stealth
MPRegen  0.17/turn              (no ring)

@: spider-form, very slow
A: tiny, distributed training, strong nose
a: End Transformation, Bend Time, Temporal Distortion, Renounce Religion


You were on level 9 of the Dungeon.
You worshipped Cheibriados.
Cheibriados was most pleased with you.
You were not hungry.
You were a venomous arachnid creature.
You visited 2 branches of the dungeon, and saw 10 of its levels.
You also visited: Sewer.

You collected 271 gold pieces.

Inventory:

Missiles
 a - 109 arrows
 v - a throwing net
 w - 7 javelins (quivered)
Armour
 b - a +0 robe (melded)
 n - a +1 hat (melded)
 x - a +0 buckler
 y - the +1 cloak of Starlight (melded) {rElec rC+ EV+4 Stlth--}
   (You found it on level 5 of the Dungeon)

   It affects your evasion (+4).
   It protects you from cold.
   It insulates you from electricity.
   It makes you much less stealthy.
 z - a +4 chain mail
 A - a +0 pair of gloves (melded)
Jewellery
 B - a ring of stealth (left front leg)
Wands
 D - a wand of disintegration (25)
 G - a wand of acid (11)
Scrolls
 e - 3 scrolls of remove curse
 f - 4 scrolls of teleportation
 h - 4 scrolls of immolation {unknown}
 m - 2 scrolls of enchant weapon {unknown}
 o - 2 scrolls of blinking {unknown}
 q - 2 scrolls of magic mapping {unknown}
 r - a scroll of enchant armour {unknown}
 s - a scroll of fear {unknown}
 u - 2 scrolls of amnesia {unknown}
 C - a scroll of noise {unknown}
 E - 2 scrolls of identify
Potions
 c - a potion of invisibility
 g - a potion of magic
 i - 5 potions of curing
 j - a potion of cancellation {unknown}
 k - 2 potions of lignification {unknown}
 l - 3 potions of brilliance {unknown}
 p - 2 potions of heal wounds
 t - a potion of degeneration
Comestibles
 d - 20 rations


   Skills:
 + Level 6.1 Fighting
 + Level 5.5 Short Blades
 + Level 5.5 Long Blades
 + Level 5.5 Axes
 + Level 5.5 Maces & Flails
 + Level 5.5 Polearms
 + Level 5.5 Staves
 + Level 5.5 Slings
 + Level 5.5 Bows
 + Level 5.5 Crossbows
 + Level 5.5 Throwing
 + Level 5.5 Armour
 + Level 7.2 Dodging
 + Level 5.5 Stealth
 + Level 5.5 Shields
 + Level 8.6 Unarmed Combat
 + Level 7.5 Spellcasting
 + Level 4.5 Conjurations
 + Level 4.5 Hexes
 + Level 4.5 Charms
 + Level 4.5 Summonings
 + Level 4.5 Necromancy
 + Level 4.5 Translocations
 + Level 6.0 Transmutations
 + Level 4.5 Fire Magic
 + Level 4.5 Ice Magic
 + Level 4.5 Air Magic
 + Level 4.5 Earth Magic
 + Level 4.5 Poison Magic
 + Level 6.0 Invocations
 + Level 5.5 Evocations


You had 13 spell levels left.
You knew the following spells:

 Your Spells              Type           Power        Failure   Level  Hunger
a - Beastly Appendage     Tmut           #####.       3%          1    None
b - Sticks to Snakes      Tmut           #####...     4%          2    None
c - Spider Form           Tmut/Pois      #####.....   8%          3    None
d - Blade Hands           Tmut           #####.....   32%         5    #####..


Dungeon Overview and Level Annotations

Branches:
Dungeon (9/15)             Temple (1/1) D:6
   Lair: D:8-11         Orc: D:9-12

Altars:
Ashenzari
Cheibriados
Dithmenos
Elyvilon
Fedhas
Gozag
Hepliaklqana
Kikubaaqudgha
Makhleb
Nemelex Xobeh
Okawaru
Qazlal
Ru
Sif Muna
Trog
Uskayaw
Vehumet
Wu Jian
Xom
Zin
The Shining One

Shops:
D:7 }

Annotations:
D:4 exclusion: downstairs


Innate Abilities, Weirdness & Mutations

Your experience applies equally to all skills.
((You have very sharp teeth.))
Your uncanny sense of smell can sniff out nearby items.


Message History

Your adder withers and dies!
The wyvern misses you.
You closely miss the wyvern.
The wyvern is lightly wounded.
The wyvern completely misses you.
You closely miss the wyvern.
The wyvern is lightly wounded.
The wyvern bites you!! The wyvern bites you!
You bite the wyvern!
The wyvern is heavily wounded.
The wyvern completely misses you.
You closely miss the wyvern.
The wyvern is heavily wounded.
The wyvern barely misses you.
You hit the wyvern.
The wyvern looks as sick as possible!
The wyvern is severely wounded.
The wyvern bites you!
* * * LOW HITPOINT WARNING * * *
The wyvern closely misses you. The wyvern bites you!
You die...

#...........#
#......)....#
#...>)).(...#
#...........#
+...........#
#...........#
#...........#
##########'##
#.s# #l## #.#
#.# ∆ ... ∆
... ....#
....# .(...#


You could see a wyvern.

Vanquished Creatures
  2 hornets (D:8)
  3 hippogriffs (D:8)
  A soldier ant (D:8)
  A water moccasin (D:8)
  Duvessa (D:5)
  An orc warrior (D:5)
  2 sky beasts
  2 ice beasts (D:9)
  An eye of draining (D:6)
  7 ogres
  2 centaurs
  A wyvern zombie (D:7)
  2 bullfrogs
  A big kobold (D:9)
  Dowan (D:5)
  2 howler monkeys
  2 wights (D:8)
  A crimson imp (D:6)
  A bullfrog zombie (D:5)
  5 hounds
  6 orc wizards
  5 jellies
  9 orc priests
  Crazy Yiuf (D:2)
  A bullfrog skeleton (D:6)
  3 centaur skeletons
  2 gnoll shamans (D:7)
  5 iguanas
  Natasha (twice) (D:3)
  5 worker ants
  A hound zombie (D:7)
  A hound skeleton (D:4)
  Robin (D:2)
  18 gnolls
  18 adders
  A river rat (D:3)
  2 shadow imps
  An ooze (D:4)
  A worm (D:5)
  5 dart slugs
  8 leopard geckos
  23 orcs
  5 giant cockroaches
  17 goblins
  10 hobgoblins
  9 jackals (Sewer)
  A quokka (D:8)
  2 ball pythons (D:3)
  7 bats
  10 frilled lizards
  15 kobolds
  8 rats
  A fungus (D:2)
  4 plants (Sewer)
247 creatures vanquished.

Vanquished Creatures (collateral kills)
  2 two-headed ogres
  The ghost of Megalobster the Vexing, an amateur GnAM (D:4)
  Natasha (D:3)
  A killer bee zombie (D:4)
  A gnoll (D:3)
  An adder (D:6)
  A bat (D:3)
  3 jackals (D:5)
  A quokka (D:6)
  A kobold (D:9)
13 creatures vanquished.

Vanquished Creatures (others)
  A quasit (D:6)
  A quokka (D:6)
2 creatures vanquished.

Grand Total: 262 creatures vanquished

Notes
Turn   | Place    | Note
-------+----------+-------------------------------------------
     0 | D:1      | grindst0ne the Gnoll Transmuter began the quest for the Orb.
     0 | D:1      | Reached XP level 1. HP: 17/17 MP: 6/6
   170 | D:1      | Reached XP level 2. HP: 19/23 MP: 7/7
   864 | D:2      | Reached XP level 3. HP: 28/28 MP: 9/9
   876 | D:2      | Learned a level 2 spell: Sticks to Snakes
   880 | D:2      | Learned a level 3 spell: Spider Form
   905 | D:2      | Reached skill level 5 in Spellcasting
   975 | D:2      | Noticed Robin
   992 | D:2      | Killed Robin
   992 | D:2      | Reached skill level 1 in Invocations
  1277 | D:2      | Reached skill level 1 in Short Blades
  1277 | D:2      | Reached skill level 1 in Long Blades
  1277 | D:2      | Reached skill level 1 in Axes
  1277 | D:2      | Reached skill level 1 in Maces & Flails
  1277 | D:2      | Reached skill level 1 in Polearms
  1277 | D:2      | Reached skill level 1 in Staves
  1277 | D:2      | Reached skill level 1 in Slings
  1277 | D:2      | Reached skill level 1 in Bows
  1277 | D:2      | Reached skill level 1 in Crossbows
  1277 | D:2      | Reached skill level 1 in Throwing
  1277 | D:2      | Reached skill level 1 in Armour
  1277 | D:2      | Reached skill level 1 in Stealth
  1277 | D:2      | Reached skill level 1 in Shields
  1277 | D:2      | Reached skill level 1 in Evocations
  1277 | D:2      | Reached XP level 4. HP: 31/34 MP: 7/11
  1752 | D:2      | Found a runed door.
  1758 | D:2      | Noticed Crazy Yiuf
  1764 | D:2      | Killed Crazy Yiuf
  1764 | D:2      | Reached skill level 1 in Conjurations
  1764 | D:2      | Reached skill level 1 in Hexes
  1764 | D:2      | Reached skill level 1 in Charms
  1764 | D:2      | Reached skill level 1 in Summonings
  1764 | D:2      | Reached skill level 1 in Necromancy
  1764 | D:2      | Reached skill level 1 in Translocations
  1764 | D:2      | Reached skill level 1 in Fire Magic
  1764 | D:2      | Reached skill level 1 in Ice Magic
  1764 | D:2      | Reached skill level 1 in Air Magic
  1764 | D:2      | Reached skill level 1 in Earth Magic
  1764 | D:2      | Reached skill level 1 in Poison Magic
  1823 | D:3      | Noticed Natasha
  1863 | D:3      | Reached XP level 5. HP: 21/40 MP: 8/12
  1994 | D:3      | Found a glowing drain.
  2007 | Sewer    | Entered a sewer
  2700 | Sewer    | Reached XP level 6. HP: 44/47 MP: 10/13
  3195 | D:3      | Found a glowing golden altar of the Shining One.
  3230 | D:3      | Killed Natasha
  3305 | D:3      | Noticed Natasha
  3314 | D:3      | Killed Natasha
  3314 | D:3      | Reached skill level 5 in Dodging
  3335 | D:3      | Noticed Natasha
  3344 | D:3      | Killed Natasha
  3721 | D:4      | Reached XP level 7. HP: 46/52 MP: 11/15
  3752 | D:4      | Reached skill level 7 in Unarmed Combat
  4684 | D:4      | Noticed Megalobster's ghost (amateur GnAM)
  4748 | D:4      | Killed Megalobster's ghost
  4748 | D:4      | Reached XP level 8. HP: 44/60 MP: 6/16
  4919 | D:5      | Entered Level 5 of the Dungeon
  4953 | D:5      | Noticed Duvessa
  4955 | D:5      | Noticed Dowan
  5037 | D:5      | Found the +1 cloak of Starlight {rElec rC+ EV+4 Stlth--}
  5130 | D:5      | Killed Duvessa
  5144 | D:5      | Killed Dowan
  5226 | D:5      | Found an iron altar of Okawaru.
  6018 | D:6      | Found a staircase to the Ecumenical Temple.
  6035 | Temple   | Entered the Ecumenical Temple
  6133 | Temple   | Became a worshipper of Cheibriados the Contemplative
  6207 | D:6      | Learned a level 5 spell: Blade Hands
  6217 | D:6      | Reached skill level 5 in Transmutations
  6217 | D:6      | Reached XP level 9. HP: 44/66 MP: 15/18
  6220 | D:6      | Found a white marble altar of Elyvilon.
  6613 | D:6      | Reached * piety under Cheibriados
  7058 | D:7      | Found a hazy altar of Hepliaklqana.
  7145 | D:7      | Reached skill level 5 in Fighting
  7436 | D:7      | Found Neemmaol's Gadget Boutique.
  7597 | D:7      | Reached ** piety under Cheibriados
  7837 | D:8      | Reached skill level 8 in Unarmed Combat
  7893 | D:8      | Reached skill level 5 in Invocations
  8036 | D:8      | Reached XP level 10. HP: 60/74 MP: 14/20
  8410 | D:8      | Noticed a two-headed ogre
  8420 | D:8      | Killed a two-headed ogre
  8420 | D:8      | Reached skill level 5 in Short Blades
  8420 | D:8      | Reached skill level 5 in Long Blades
  8420 | D:8      | Reached skill level 5 in Axes
  8420 | D:8      | Reached skill level 5 in Maces & Flails
  8420 | D:8      | Reached skill level 5 in Polearms
  8420 | D:8      | Reached skill level 5 in Staves
  8420 | D:8      | Reached skill level 5 in Slings
  8420 | D:8      | Reached skill level 5 in Bows
  8420 | D:8      | Reached skill level 5 in Crossbows
  8420 | D:8      | Reached skill level 5 in Throwing
  8420 | D:8      | Reached skill level 5 in Armour
  8420 | D:8      | Reached skill level 5 in Stealth
  8420 | D:8      | Reached skill level 5 in Shields
  8420 | D:8      | Reached skill level 5 in Evocations
  8879 | D:8      | Paralysed by a hornet for 2 turns
  8884 | D:8      | Reached *** piety under Cheibriados
  9348 | D:9      | Noticed a two-headed ogre
  9359 | D:9      | Killed a two-headed ogre
  9581 | D:9      | Slain by a wyvern

Vault maps used:
D:1:      minmay_arrival_radiant_lines, corexii_corridor_pit
D:2:      uniq_robin, uniq_crazy_yiuf_cottage
D:3:      marbit_many_paths, first_ration, cheibrodos_sewer_entry_sluice,
          uniq_natasha
D:5:      cheibrodos_iron_armory, okawaru_trees_2, kennysheep_generic_room_9,
          uniq_duvessa
D:6:      minmay_temple_entry_overgrown, minmay_misc_feat_nine_boxes,
          elyvilon_altar_4
D:7:      basic_altar, serial_shops, shop
D:8:      hangedman_pestilent_swarm
D:9:      lemuel_coloured_pillars_altar, lair_entry_dummy, hex_large
Temple:   eino_narrow_crystal_temple
Sewer:    sewer_co_scattered_pipes

Skill      XL: |  1  2  3  4  5  6  7  8  9 10 |
---------------+-------------------------------+-----
Spellcasting   | 5 6 7 |  7.5
Invocations    | 1 2 3 4 5 6 |  6.0
Short Blades   | 1 2 3 4 5 |  5.5
Long Blades    | 1 2 3 4 5 |  5.5
Axes           | 1 2 3 4 5 |  5.5
Maces & Flails | 1 2 3 4 5 |  5.5
Polearms       | 1 2 3 4 5 |  5.5
Staves         | 1 2 3 4 5 |  5.5
Slings         | 1 2 3 4 5 |  5.5
Bows           | 1 2 3 4 5 |  5.5
Crossbows      | 1 2 3 4 5 |  5.5
Throwing       | 1 2 3 4 5 |  5.5
Armour         | 1 2 3 4 5 |  5.5
Stealth        | 1 2 3 4 5 |  5.5
Shields        | 1 2 3 4 5 |  5.5
Evocations     | 1 2 3 4 5 |  5.5
Conjurations   | 1 2 3 4 |  4.5
Hexes          | 1 2 3 4 |  4.5
Charms         | 1 2 3 4 |  4.5
Summonings     | 1 2 3 4 |  4.5
Necromancy     | 1 2 3 4 |  4.5
Translocations | 1 2 3 4 |  4.5
Fire Magic     | 1 2 3 4 |  4.5
Ice Magic      | 1 2 3 4 |  4.5
Air Magic      | 1 2 3 4 |  4.5
Earth Magic    | 1 2 3 4 |  4.5
Poison Magic   | 1 2 3 4 |  4.5
Fighting       | 3 4 5 6 |  6.1
Transmutations | 4 5 6 |  6.0
Dodging        | 5 6 7 |  7.2
Unarmed Combat | 7 8 |  8.6

Action                   |  1- 3 |  4- 6 |  7- 9 | 10-12 || total
-------------------------+-------+-------+-------+-------++-------
Melee: Unarmed           |    93 |   309 |   321 |   107 ||   830
       Bite              |     3 |    12 |     6 |     1 ||    22
       Punch             |     1 |     6 |     1 |       ||     8
 Cast: Beastly Appendage |     1 |       |       |       ||     1
       Spider Form       |     3 |    34 |    48 |    13 ||    98
       Sticks to Snakes  |       |     4 |    29 |    11 ||    44
  Use: Scroll            |       |       |     8 |       ||     8
 Stab: Sleeping          |     5 |     1 |     5 |       ||    11
       Distracted        |       |       |     3 |     1 ||     4
  Eat: Chunk             |     1 |    11 |    15 |     2 ||    29
Armor: Robe              |    14 |     8 |    10 |     3 ||    35
       Skin              |     1 |     8 |    10 |     4 ||    23
       Chain mail        |       |       |     1 |       ||     1
Dodge: Dodged            |    69 |   204 |   316 |   148 ||   737

Table legend:
 A = Spawn XP
 B = Non-spawn XP
 C = Spawn XP percentage of total XP
 D = Spawn monster count
 E = Non-spawn monster count
 F = Spawn count percentage of total count
 G = Total turns spent on level
                    A         B        C        D         E        F      G
               +---------+---------+-------+---------+---------+-------+---------
         Total |       0 |    8318 |   0.0 |       0 |     256 |   0.0 |  9581
               +---------+---------+-------+---------+---------+-------+---------
           D:1 |       0 |      29 |   0.0 |       0 |      16 |   0.0 |   816
           D:2 |       0 |     124 |   0.0 |       0 |      30 |   0.0 |  1035
           D:3 |       0 |     280 |   0.0 |       0 |      42 |   0.0 |   831
           D:4 |       0 |     811 |   0.0 |       0 |      24 |   0.0 |  1300
           D:5 |       0 |     887 |   0.0 |       0 |      30 |   0.0 |  1044
           D:6 |       0 |     919 |   0.0 |       0 |      19 |   0.0 |   840
           D:7 |       0 |     647 |   0.0 |       0 |      22 |   0.0 |   853
           D:8 |       0 |    3540 |   0.0 |       0 |      40 |   0.0 |  1495
           D:9 |       0 |     997 |   0.0 |       0 |       9 |   0.0 |   261
         Sewer |       0 |      84 |   0.0 |       0 |      24 |   0.0 |   992
               +---------+---------+-------+---------+---------+-------+---------
